AoeStats
← chris

MegaRandom

509408772Analyzed
4v4 RM · 6d ago on Sep 26, 2026· 81m 16s· 8 players
Game mode
Random Map
Map size
Large (8 player)
Population
200
Speed
Normal
Resources
Standard
Victory
Conquest
Starting age
Dark Age
Ending age
Imperial Age
RankedLock teamsTeams togetherTeam positionsShared explorationLock speedFull tech treeHidden civsTurbo modeCheats
Victory
Defeat
🇨🇳 Gurjaras · China
1084
+13
🇿🇦 Japanese · South Africa
1069
+14
🇺🇸 Byzantines · United States
1019
+16
🇦🇺 Saracens · Australia
985
+18
🇳🇴 Danes · Norway
1109
-19
🇩🇪 Goths · Germany
1038
-16
🇬🇧 Sicilians · United Kingdom
1002
-14
🇳🇴 Burmese · Norway
948
-12
Desmond
12:17 Feudal Age
12:45 Horse Collar
14:18 Loom
19:10 Castle Age
17:46 Double-Bit Axe
21:47 Heavy Plow
25:59 Wheelbarrow
27:05 Scale Mail Armor
29:11 Hand Cart
29:33 Chain Mail Armor
29:29 Forging
33:36 Imperial Age
32:34 Iron Casting
32:29 Masonry
32:44 Ballistics
33:59 Arson
34:15 Squires
34:04 Elite Serjeant
35:18 Plate Mail Armor
35:32 Crop Rotation
37:11 Blast Furnace
37:29 Conscription
53:50 Siege Engineers
53:32 Pikeman
56:53 Halberdier
57:29 Elite Skirmisher
58:36 Padded Archer Armor
58:27 Fletching
60:09 Bodkin Arrow
60:30 Leather Archer Armor
63:37 Chemistry
62:40 Bracer
64:33 Bow Saw
SpecialAgentDaleCooper
10:38 Feudal Age
8:57 Loom
10:43 Feudal Age
11:35 Man-at-Arms
12:17 Double-Bit Axe
12:15 Horse Collar
12:26 Man-at-Arms
19:27 Castle Age
18:26 Fletching
20:05 Gambesons
20:22 Squires
19:50 Elite Skirmisher
20:50 Bodkin Arrow
22:19 Gold Mining
22:41 Bow Saw
28:22 Scale Mail Armor
33:23 Chain Mail Armor
34:36 Forging
40:01 Imperial Age
39:47 Thumb Ring
39:45 Padded Archer Armor
40:21 Iron Casting
43:21 Ballistics
42:59 Murder Holes
44:18 Elite Varangian Guard
44:46 Gambesons
44:49 Arson
50:59 Bracer
51:14 Leather Archer Armor
51:35 Plate Mail Armor
52:06 Thumb Ring
55:01 Caravan
60:16 Pikeman
61:58 Iron Casting
61:49 Halberdier
64:27 Gold Shaft Mining
63:44 Stone Mining
65:17 Blast Furnace
64:48 Ring Archer Armor
65:20 Wheelbarrow
64:32 Town Watch
juleskum
7:41 Loom
10:52 Feudal Age
14:39 Castle Age
21:43 Horse Collar
22:34 Fletching
24:19 Padded Archer Armor
25:17 Bodkin Arrow
28:43 Ballistics
30:48 Wheelbarrow
29:59 Town Watch
32:29 Manipur Cavalry
35:53 Imperial Age
33:50 Treadmill Crane
34:26 Forging
34:40 Hand Cart
36:47 Town Patrol
37:18 Elite Arambai
39:05 Bracer
39:02 Pikeman
39:43 Squires
44:41 Conscription
44:26 Husbandry
44:40 Bloodlines
43:51 Elite Battle Elephant
49:01 Chemistry
49:06 Scale Barding Armor
49:37 Iron Casting
51:39 Heavy Plow
53:14 Howdah
53:44 Chain Barding Armor
54:17 Siege Engineers
54:09 Murder Holes
63:30 Plate Barding Armor
64:00 Halberdier
65:48 Blast Furnace
68:44 Crop Rotation
chris
4:13 Loom
9:58 Feudal Age
20:07 Castle Age
18:27 Stone Mining
18:52 Double-Bit Axe
19:08 Fletching
21:30 Stone Shaft Mining
22:16 Gold Mining
22:51 Bodkin Arrow
22:51 Horse Collar
24:03 Heavy Plow
26:17 Bow Saw
39:53 Scale Mail Armor
41:59 Forging
43:22 Chain Mail Armor
45:21 Iron Casting
46:58 Wheelbarrow
46:08 Town Watch
49:19 Imperial Age
48:11 Hand Cart
51:25 Conscription
52:08 Blast Furnace
53:12 Ballistics
52:57 Elite Huskarl
Doc Awk
11:58 Feudal Age
17:35 Castle Age
25:11 Crossbowman
26:48 Pikeman
30:41 Wheelbarrow
29:51 Loom
30:03 Fletching
33:03 Ballistics
35:32 Hand Cart
46:56 Double-Bit Axe
50:14 Forging
50:09 Scale Barding Armor
52:45 Imperial Age
52:20 Iron Casting
54:09 Chain Barding Armor
60:33 Plate Barding Armor
59:54 Bodkin Arrow
62:54 Light Cavalry
63:35 Husbandry
63:39 Bracer
63:39 Padded Archer Armor
70:31 Hussar
Straat Kat
11:17 Feudal Age
13:24 Loom
15:41 Castle Age
14:11 Horse Collar
23:59 Scale Mail Armor
29:36 Squires
31:24 Chain Mail Armor
31:20 Forging
34:18 Iron Casting
40:19 Guard Tower
40:50 Ballistics
41:47 Murder Holes
42:03 Fortified Wall
42:44 Treadmill Crane
43:15 Masonry
47:23 Imperial Age
48:28 Conscription
49:27 Padded Archer Armor
49:18 Fletching
50:28 Blast Furnace
49:58 Plate Mail Armor
49:01 Elite Samurai
51:34 Wheelbarrow
51:49 Keep
51:00 Arrowslits
52:15 Chemistry
54:56 Bodkin Arrow
59:18 Padded Archer Armor
59:19 Bracer
71:31 Scale Barding Armor
Rido
0:29 Loom
10:37 Feudal Age
11:13 Double-Bit Axe
16:58 Fletching
20:59 Castle Age
19:41 Gold Mining
21:25 Crossbowman
22:30 Bodkin Arrow
24:54 Padded Archer Armor
26:28 Wheelbarrow
25:35 Horse Collar
27:14 Bow Saw
28:48 Thumb Ring
30:15 Hand Cart
29:52 Elite Skirmisher
33:42 Leather Archer Armor
34:33 Heavy Plow
37:20 Gold Shaft Mining
36:36 Stone Mining
37:29 Husbandry
37:40 Bloodlines
39:03 Ballistics
43:16 Imperial Age
41:25 Scale Barding Armor
41:31 Forging
42:45 Light Cavalry
44:02 Elite Mameluke
45:03 Conscription
46:29 Chain Barding Armor
46:10 Bracer
46:40 Ring Archer Armor
47:27 Arrowslits
51:31 Two-Man Saw
51:05 Hussar
53:17 Plate Barding Armor
53:18 Iron Casting
57:47 Blast Furnace
58:02 Caravan
59:45 Chemistry
65:08 Heavy Camel Rider
72:07 Siege Engineers
74:26 Arbalester
kktomcheung
5:15 Loom
11:09 Feudal Age
17:18 Horse Collar
19:46 Castle Age
17:36 Double-Bit Axe
18:50 Forging
18:45 Scale Barding Armor
19:26 Gold Mining
22:20 Iron Casting
22:05 Chain Barding Armor
23:42 Bloodlines
25:32 Bow Saw
31:47 Light Cavalry
34:00 Wheelbarrow
34:14 Husbandry
34:26 Kshatriyas
36:23 Hand Cart
37:03 Heavy Plow
38:52 Gold Shaft Mining
38:10 Stone Mining
38:49 Scale Mail Armor
43:37 Imperial Age
45:00 Plate Barding Armor
43:50 Hussar
45:30 Crop Rotation
46:03 Chemistry
44:59 Crossbowman
46:05 Conscription
46:42 Thumb Ring
47:30 Fletching
47:40 Padded Archer Armor
47:56 Chain Mail Armor
54:57 Elite Skirmisher
55:36 Bodkin Arrow
62:45 Leather Archer Armor
63:08 Bracer
Connection lost

Rejoining the realm…

Still unreachable

The connection could not be restored.

Session expired

The server has moved on; the page needs a fresh start.